[Event "*** Titled Tuesday Blitz"]
[Site "Chess.com"]
[Date "2020.02.04"]
[Round "6"]
[White "csati17"]
[Black "Kostina_Nadezhda"]
[Result "1-0"]
[WhiteElo "2529"]
[BlackElo "2162"]
[TimeControl "180+2"]
[EndTime "10:18:34 PST"]
[Termination "csati17 won by resignation"]

1. c4 e5 2. g3 Nf6 3. Bg2 g6 4. Nc3 Bg7 5. e3 O-O 6. Nge2 Nc6 7. O-O d6 8. d4 exd4 9. exd4 Re8 10. Be3 Ng4 11.
Qd2 Nxe3 12. fxe3 Qg5 13. Nf4 Bg4 14. Nfd5 Rac8 15. Ne4 Qd8 16. Nef6+ Kh8 17. Nxg4 f5 18. Nf2 Ne7 19. Nf4 Qd7 20. d5 Ng8 21. Ne6 Bf6 22.
e4 c6 23. exf5 gxf5 24. Nd3 cxd5 25. cxd5 Ne7 26. Qh6 Ng8 27. Qh5 Qb5 28. Qxf5 Rc2 29. Ndf4 Qxb2 30. Ng6+ hxg6 31. Qh3+ Nh6 32. Qxh6+ Kg8 33.
Qxg6+ Kh8 34. Qxe8+ Kh7 35. Qf7+ Kh6 36. Rxf6+ 1-0

[Event "*** Titled Tuesday Blitz"]
[Site "Chess.com"]
[Date "2020.02.04"]
[Round "6"]
[White "ShimanovAlex"]
[Black "ChessPromotionAlex"]
[Result "1-0"]
[WhiteElo "2755"]
[BlackElo "2539"]
[TimeControl "180+2"]
[EndTime "10:18:58 PST"]
[Termination "ShimanovAlex won by resignation"]

1. d4 Nf6 2. Bg5 Ne4 3. Bf4 c5 4. f3 Qa5+ 5. c3 Nf6 6. Nd2 cxd4 7. Nb3 Qd8 8. cxd4 d5 9. e3 g6 10. Bd3 Bg7 11. Ne2 O-O 12. O-O Nc6 13. Rc1 Nd7 14. Bb5 Qb6 15. Bxc6 bxc6 16. Nc3 e5 17. Bg3 Re8 18. Bf2 Qa6 19. Qd2 Rb8 20. Rfe1 Bh6 21.
Bg3 Rb4 22. Nxd5 Rxb3 23. Nc7 Qxa2 24. Nxe8 Rxb2 25. Qc3 Rxg2+ 26. Kh1 Rb2 27. Nd6 Ba6 28. Qxc6 Nf8 29. Ra1 1-0

[Event "*** Titled Tuesday Blitz"]
[Site "Chess.com"]
[Date "2020.02.04"]
[Round "6"]
[White "petrpalachev"]
[Black "Korona_91"]
[Result "1-0"]
[WhiteElo "2659"]
[BlackElo "2407"]
[TimeControl "180+2"]
[EndTime "10:19:03 PST"]
[Termination "petrpalachev won by resignation"]

1. d4 e6 2. Nf3 f5 3. g3 Nf6 4. Bg2 g6 5. O-O Bg7 6. c4 d6 7. Nc3 O-O 8. Qc2 c6 9. e4 Nbd7 10. Re1 d5 11. cxd5 cxd5 12. e5 Ne4 13. b3 Nxc3 14. Qxc3 Nb6 15. Bg5 Qe8 16. Rac1 Bd7 17. Qb4 Rf7 18. Bf6 Bf8 19. Qd2 Bc6 20. h4 h6 21. h5 Rd7 22. hxg6 Qxg6 23. Nh4 Qf7 24. Qf4 Bg7 25. g4 Bxf6 26. exf6 Qxf6 27. gxf5 Rf8 28.
Rxe6 Qxe6 29. Qg3+ Rg7 30. fxe6 Rxg3 31. fxg3 Rf6 32.
Re1 Kf8 33. e7+ Ke8 34. Bf3 Nc8 35. Bh5+ Rf7 36. Rf1 Nd6 37. Nf5 Kd7 38. e8=Q+ 1-0

[Event "*** Titled Tuesday Blitz"]
[Site "Chess.com"]
[Date "2020.02.04"]
[Round "6"]
[White "messiboca"]
[Black "bhavesh1810"]
[Result "0-1"]
[WhiteElo "2600"]
[BlackElo "2150"]
[TimeControl "180+2"]
[EndTime "10:19:38 PST"]
[Termination "bhavesh1810 won by resignation"]

1. c4 Nf6 2. Nc3 e5 3. Nf3 Nc6 4. e3 Bb4 5. Nd5 Be7 6. Qc2 d6 7. a3 Be6 8. Nc3 O-O 9. Be2 d5 10. Ng5 Qd7 11. cxd5 Bxd5 12. Nxd5 Qxd5 13. Bf3 Qd6 14. O-O h6 15. Ne4 Nxe4 16. Bxe4 Nd8 17. b4 c6 18. Bb2 Ne6 19. Rad1 Rad8 20. Qc4 a6 21. Bc2 Bf6 22. f4 Rfe8 23. Qe4 Nf8 24.
f5 Qd5 25. Bc3 Nh7 26. Qg4 e4 27. Bxf6 Nxf6 28. Qe2 Qa2 29. Bb1 Qxa3 30. g4 Qxb4 31. h4 Qb5 32. g5 Qxe2 0-1

[Event "*** Titled Tuesday Blitz"]
[Site "Chess.com"]
[Date "2020.02.04"]
[Round "6"]
[White "Quiet_Desperation"]
[Black "doons21"]
[Result "0-1"]
[WhiteElo "2426"]
[BlackElo "2648"]
[TimeControl "180+2"]
[EndTime "10:19:39 PST"]
[Termination "doons21 won by resignation"]

1. e4 e6 2. d4 d5 3. Nc3 Bb4 4. e5 Ne7 5. Bd2 b6 6. a3 Bxc3 7. Bxc3 Ba6 8. Bxa6 Nxa6 9. Qg4 O-O 10. h4 c5 11. h5 h6 12. Rh3 Nf5 13. Ne2 Rc8 14. Qf4 cxd4 15. Nxd4 Nxd4 16. Bxd4 Rxc2 17. Rg3 Kh8 18. Be3 Nc5 19. Rd1 Rc4 20. Bd4 Ne4 21. Rg4 f5 22. exf6 Nxf6 23. Rg6 Qe7 24. b3 e5 25. Rxh6+ Kg8 26. Qxe5 Qxe5+ 27. Bxe5 Re4+ 0-1

[Event "*** Titled Tuesday Blitz"]
[Site "Chess.com"]
[Date "2020.02.04"]
[Round "6"]
[White "vladimirdamjanovic"]
[Black "wild_cat99"]
[Result "1-0"]
[WhiteElo "2610"]
[BlackElo "2444"]
[TimeControl "180+2"]
[EndTime "10:19:40 PST"]
[Termination "vladimirdamjanovic won by resignation"]

1. d4 Nf6 2. Nf3 g6 3. Bg5 Bg7 4. Nbd2 O-O 5. e4 d6 6. c3 c5 7. dxc5 dxc5 8. h3 Nc6 9. Qc2 h6 10. Be3 e5 11. Bb5 Re8 12. O-O Qe7 13. Bxc6 bxc6 14.
Nc4 Ba6 15. Nfd2 Nd7 16. Rfd1 Rab8 17. b3 Nb6 18. Nb2 Bf8 19. c4 Bc8 20. Nd3 Nd7 21.
Nb1 Qe6 22. Nc3 f5 23. Na4 fxe4 24. Ndxc5 Nxc5 25. Bxc5 Qf5 26. Re1 Re6 27. Qxe4 Qxe4 28. Rxe4 Bd7 29. Rd1 Rb7 30. Bxf8 Kxf8 31. Nc5 Bc8 32.
Rd8+ 1-0

[Event "*** Titled Tuesday Blitz"]
[Site "Chess.com"]
[Date "2020.02.04"]
[Round "6"]
[White "EugeneRougon"]
[Black "riconaipe"]
[Result "1-0"]
[WhiteElo "2728"]
[BlackElo "2531"]
[TimeControl "180+2"]
[EndTime "10:19:46 PST"]
[Termination "EugeneRougon won by resignation"]

1. e4 c6 2. d4 d5 3. Nc3 dxe4 4. Nxe4 Nf6 5. Nxf6+ gxf6 6. c3 Bf5 7. Nf3 e6 8. g3 Bd6 9. Bg2 Qc7 10. O-O Nd7 11.
Re1 O-O-O 12. c4 c5 13. b4 cxd4 14. Nxd4 Bxb4 15. Nxf5 exf5 16. Rf1 Ne5 17. Qc2 Nd3 18. Rb1 b6 19. Bh3 Kb8 20. Bxf5 Nxc1 21. Rxb4 Qc5 22. Rb5 Qa3 23. Qxc1 Qxc1 24. Rxc1 Rhe8 25. c5 Re5 26. c6 Kc7 27. Rxe5 fxe5 28. Bxh7 Rd2 29. Rc2 Rd1+ 30. Kg2 b5 31. h4 a5 32. h5 b4 33. Be4 Rd6 34. Rc5 a4 35. Rxe5 b3 36. axb3 axb3 37. Rb5 Rd4 38. Kf3 f5 39. Rxf5 b2 40. Rb5 1-0

[Event "*** Titled Tuesday Blitz"]
[Site "Chess.com"]
[Date "2020.02.04"]
[Round "6"]
[White "Ginzburg_Yakov"]
[Black "MFBerna"]
[Result "1-0"]
[WhiteElo "2529"]
[BlackElo "2336"]
[TimeControl "180+2"]
[EndTime "10:19:48 PST"]
[Termination "Ginzburg_Yakov won by resignation"]

1. d4 Nf6 2. Nf3 e6 3. g3 c5 4.
c4 cxd4 5. Nxd4 Nc6 6. Bg2 Bb4+ 7.
Nc3 O-O 8. O-O Qa5 9. Ncb5 Nxd4 10. Qxd4 d5 11. Bf4 Bd7 12. a3 dxc4 13. Nc7 Bc5 14.
Qxc4 Rac8 15. b4 Bxf2+ 16. Rxf2 Qh5 17. Bf3 Qg6 18. Rc1 Ne8 19. Qd3 Qxd3 20. exd3 Nxc7 21. Rxc7 Rxc7 22. Bxc7 Rc8 23. Rc2 Bc6 24. Bxc6 Rxc7 25. Ba4 Rxc2 26. Bxc2 e5 27. Kf2 Kf8 28. Ke3 Ke7 29.
d4 Kd6 30. Bxh7 Kd5 31. Be4+ Kd6 32. Bxb7 1-0

[Event "*** Titled Tuesday Blitz"]
[Site "Chess.com"]
[Date "2020.02.04"]
[Round "6"]
[White "gurelediz"]
[Black "HouseOfDurin"]
[Result "1-0"]
[WhiteElo "2502"]
[BlackElo "2069"]
[TimeControl "180+2"]
[EndTime "10:19:55 PST"]
[Termination "gurelediz won on time"]

1. e4 c5 2. Nf3 Nc6 3. d4 cxd4 4.
Nxd4 e5 5. Nb5 d6 6. N1c3 a6 7. Na3 b5 8. Nd5 Be6 9. c4 b4 10. Nc2 a5 11. g3 Be7 12. Bg2 Nf6 13. O-O Bxd5 14. exd5 Nb8 15. c5 O-O 16. Ne3 Na6 17.
c6 Ne8 18. Nc4 Nc5 19. Be3 Ra6 20. Bxc5 dxc5 21. Nxe5 Nd6 22. Nd7 Re8 23. Nxc5 Rb6 24. Re1 Bf6 25. Nd7 Rxe1+ 26. Qxe1 Bxb2 27. Rd1 Bc3 28. Qe2 Rb5 29. Qd3 g6 30. a4 Rc5 31. Nxc5 1-0

[Event "*** Titled Tuesday Blitz"]
[Site "Chess.com"]
[Date "2020.02.04"]
[Round "6"]
[White "kesarev"]
[Black "GM-2023"]
[Result "1-0"]
[WhiteElo "2461"]
[BlackElo "2114"]
[TimeControl "180+2"]
[EndTime "10:19:58 PST"]
[Termination "kesarev won on time"]

1. Nf3 Nf6 2. c4 g6 3. Nc3 d5 4. cxd5 Nxd5 5. h4 Bg4 6. Qa4+ Bd7 7. Qb3 Nb6 8. h5 Bg7 9. h6 Bf6 10. d3 Be6 11. Qc2 Nc6 12. Ne4 O-O 13. Nxf6+ exf6 14. b3 Nb4 15. Qd2 a5 16. Bb2 N6d5 17.
g3 Re8 18. Bg2 a4 19. a3 Nc6 20. b4 Nb6 21. O-O Bd5 22. Rad1 Ne5 23. e4 Bc6 24. Nxe5 fxe5 25. f4 Nd7 26. d4 1-0

[Event "*** Titled Tuesday Blitz"]
[Site "Chess.com"]
[Date "2020.02.04"]
[Round "6"]
[White "MasterKroket"]
[Black "tan275"]
[Result "1-0"]
[WhiteElo "2411"]
[BlackElo "2155"]
[TimeControl "180+2"]
[EndTime "10:20:00 PST"]
[Termination "MasterKroket won by resignation"]

1. d4 Nf6 2. c4 e6 3. Nf3 d5 4. Nc3 Be7 5. Bf4 c5 6. cxd5 Nxd5 7. Nxd5 exd5 8. e3 O-O 9. dxc5 Bf5 10. a3 Bxc5 11. Rc1 Be7 12. Nd4 Bg6 13. Be2 Qa5+ 14. Qd2 Qxd2+ 15. Kxd2 Na6 16. b4 Rac8 17. Bxa6 bxa6 18.
h4 h5 19. Bg5 Bd6 20. Rc6 Rxc6 21. Nxc6 Rc8 22. Rc1 Kf8 23. Nxa7 Rxc1 24. Kxc1 f6 25. Bf4 Bxf4 26. exf4 Ke7 27. Nc6+ Kd6 28. Nd4 Bd3 29.
a4 a5 30. bxa5 Kc5 31. Ne6+ Kb4 32. Nxg7 Be2 33. Kd2 Ba6 34. Nxh5 f5 35. Ng7 Kxa5 36. h5 Kxa4 37. h6 1-0

[Event "*** Titled Tuesday Blitz"]
[Site "Chess.com"]
[Date "2020.02.04"]
[Round "6"]
[White "GMHess"]
[Black "gena217"]
[Result "0-1"]
[WhiteElo "2766"]
[BlackElo "3002"]
[TimeControl "180+2"]
[EndTime "10:20:07 PST"]
[Termination "gena217 won by resignation"]

1. b3 e5 2. Bb2 Nc6 3. h3 d5 4. e3 Nf6 5. d3 a5 6. a3 Bd6 7.
Nd2 O-O 8. g4 Ne7 9. Bg2 c6 10. g5 Ne8 11. c4 f6 12. cxd5 cxd5 13. gxf6 Nxf6 14. Ngf3 Ng6 15. Qe2 Bf5 16. h4 Bg4 17.
Bh3 Bh5 18. Qf1 e4 19. Ng5 Ne5 20. Bxe5 Bxe5 21. d4 Bd6 22. Ne6 Qe7 23. Nxf8 Rxf8 24.
Qb5 Bxa3 25. Qxa5 Bb4 26. Qa2 Qc7 27. Qb2 Ng4 28. Rc1 Nxf2 29. Bf1 Qg3 0-1

[Event "*** Titled Tuesday Blitz"]
[Site "Chess.com"]
[Date "2020.02.04"]
[Round "6"]
[White "Genghis_K"]
[Black "dretch"]
[Result "0-1"]
[WhiteElo "2897"]
[BlackElo "2794"]
[TimeControl "180+2"]
[EndTime "10:20:09 PST"]
[Termination "dretch won by resignation"]

1. e4 e6 2. d4 d5 3. exd5 exd5 4. Nf3 Bd6 5. c4 Nf6 6. Nc3 dxc4 7. Bxc4 O-O 8. O-O Nc6 9. Bg5 h6 10. Bh4 Bg4 11. h3 Bxf3 12. Qxf3 Nxd4 13. Qxb7 Rb8 14. Qxa7 Ra8 15. Qb7 Rb8 16. Qa6 Rxb2 17. Ne4 g5 18.
Nxd6 Qxd6 19. Qxd6 cxd6 20. Bg3 Ne4 21. Rfd1 Nf5 22. a4 Nexg3 23. Bd3 Ne2+ 24. Kf1 Ned4 25. a5 Ra8 26. a6 Ra7 27. Be4 Rb4 28. Bb7 Ne7 29.
Rac1 Kf8 30. Rc7 Ne6 31. Rd7 Nc5 32. Rd8+ Kg7 33. Bf3 Rxa6 34. R8xd6 Rxd6 35. Rxd6 Rb1+ 36. Ke2 Nf5 37. Rd8 Ne6 0-1

[Event "*** Titled Tuesday Blitz"]
[Site "Chess.com"]
[Date "2020.02.04"]
[Round "6"]
[White "FairChess_on_YouTube"]
[Black "hanzo_hasashi1"]
[Result "0-1"]
[WhiteElo "3038"]
[BlackElo "2891"]
[TimeControl "180+2"]
[EndTime "10:20:12 PST"]
[Termination "hanzo_hasashi1 won by resignation"]

1. e4 c5 2. Nf3 d6 3. c3 Nf6 4. g3 Nc6 5. d3 e5 6. Bg2 Be7 7.
O-O O-O 8. Nbd2 Be6 9. a4 h6 10.
Re1 Qd7 11. Nc4 Rad8 12. a5 Qc7 13. Qa4 Rb8 14. Ne3 Rfd8 15. b4 cxb4 16. cxb4 d5 17. b5 dxe4 18. dxe4 Nd4 19. b6 axb6 20. axb6 Nxf3+ 21. Bxf3 Qxb6 22. Nf5 Bc5 23. Be3 Bxe3 24. Rxe3 g6 25. Ne7+ Kg7 26. Rae1 Ra8 27. Qc2 Ra2 28. Qc3 Rdd2 29. Rf1 Bh3 30. Ra1 Rxf2 31. Nd5 Nxd5 32.
exd5 Rxf3 33. Qxe5+ Kh7 0-1

[Event "*** Titled Tuesday Blitz"]
[Site "Chess.com"]
[Date "2020.02.04"]
[Round "6"]
[White "W_Amadeus"]
[Black "Majkelopulos"]
[Result "1-0"]
[WhiteElo "2730"]
[BlackElo "2479"]
[TimeControl "180+2"]
[EndTime "10:20:16 PST"]
[Termination "W_Amadeus won by resignation"]

1. e4 e5 2. Nf3 Nc6 3. Bc4 Nf6 4. d3 h6 5. O-O d6 6. c3 g6 7. d4 Qe7 8. Re1 Bg7 9. Nbd2 O-O 10. h3 Bd7 11. Nf1 Rad8 12. Ng3 Bc8 13. d5 Nb8 14. b4 c6 15. Be3 cxd5 16. exd5 a6 17. Bb3 Nh7 18. c4 f5 19. Ba7 Nd7 20. c5 e4 21. Nd4 Qe5 22. Ne6 e3 23. c6 f4 24. cxd7 fxg3 25. fxe3 Bxd7 26. Bd4 Qf5 27. Rf1 Qxf1+ 28. Qxf1 Rxf1+ 29. Rxf1 Bxe6 30. dxe6 Re8 31. e7+ Kh8 32. Bxg7+ Kxg7 33. Rf7+ Kh8 34. h4 g5 35. Bc2 Nf6 36. Rxf6 Rxe7 37. Rxh6+ Kg7 38. Rh7+ Kf6 39.
Rxe7 Kxe7 40. hxg5 1-0

[Event "*** Titled Tuesday Blitz"]
[Site "Chess.com"]
[Date "2020.02.04"]
[Round "6"]
[White "IAgrest"]
[Black "Kira170"]
[Result "0-1"]
[WhiteElo "2157"]
[BlackElo "2506"]
[TimeControl "180+2"]
[EndTime "10:20:18 PST"]
[Termination "Kira170 won by resignation"]

1. e4 d6 2. d4 Nf6 3. Bd3 g6 4. Nf3 Bg7 5. O-O O-O 6. Re1 a6 7. c3 b5 8. a4 c6 9. Nbd2 Bb7 10. Nf1 e5 11. Ng3 Qc7 12. h4 Nbd7 13. h5 Rfe8 14. Bc2 c5 15. Bg5 Rac8 16. Rc1 d5 17. dxe5 Nxe4 18.
Nxe4 dxe4 19. Bxe4 Nxe5 20. Nxe5 Bxe5 21. Bxb7 Qxb7 22.
Qg4 Bg7 23. axb5 Qxb5 24. h6 Bf8 25. Qf4 Qxb2 26. Bf6 Qb8 27. Qf3 Bxh6 28. Rcd1 Qc7 29. Qd5 Bf8 30. Be5 Qc6 31. Qc4 Re6 32. Qf4 Rce8 33.
c4 Bg7 0-1

[Event "*** Titled Tuesday Blitz"]
[Site "Chess.com"]
[Date "2020.02.04"]
[Round "6"]
[White "Grieve72"]
[Black "Yoshkinkot"]
[Result "0-1"]
[WhiteElo "2327"]
[BlackElo "2575"]
[TimeControl "180+2"]
[EndTime "10:20:23 PST"]
[Termination "Yoshkinkot won on time"]

1. e4 c6 2. d4 d5 3. e5 Bf5 4. h4 Qb6 5. Nc3 h6 6. g4 Bd7 7.
h5 e6 8. Nge2 c5 9. Be3 Nc6 10.
f4 cxd4 11. Nxd4 Nxd4 12. Qxd4 Qxd4 13. Bxd4 Ne7 14. Bd3 Nc6 15. Ne2 Nxd4 16. Nxd4 Bc5 17. c3 Ke7 18. Kd2 Rac8 19. g5 f6 20. exf6+ gxf6 21. g6 e5 22. Rae1 e4 23. Bf1 f5 24. Bh3 Kf6 25.
Ke3 Rhg8 26. Rh2 Rg7 27. Rd2 Bb6 28. Rf1 Rc4 29. Ke2 Bxd4 30. cxd4 Rg8 31. Ke3 Rgc8 32. Rff2 Kg7 33. Bf1 Rc1 34. a3 Re1+ 35. Be2 Bb5 0-1

[Event "*** Titled Tuesday Blitz"]
[Site "Chess.com"]
[Date "2020.02.04"]
[Round "6"]
[White "Atakishiyev04"]
[Black "malandragem"]
[Result "1-0"]
[WhiteElo "2790"]
[BlackElo "2292"]
[TimeControl "180+2"]
[EndTime "10:20:24 PST"]
[Termination "Atakishiyev04 won by resignation"]

1. d4 Nf6 2. c4 e6 3. Nf3 Bb4+ 4. Bd2 a5 5. a3 Bxd2+ 6. Nbxd2 d6 7. e3 Nbd7 8. Bd3 e5 9. O-O O-O 10. Qc2 Qe7 11.
Ng5 h6 12. Nge4 Nxe4 13. Nxe4 Nf6 14. Rad1 Nxe4 15. Bxe4 c6 16. dxe5 dxe5 17. Qc3 f5 18. Bb1 e4 19. c5 Be6 20. Rd6 Bd5 21. Rd1 Qg5 22. R1xd5 cxd5 23. Ba2 Kh7 24. Bxd5 Rae8 25. Bxb7 f4 26. Rd5 Rf5 27. Rxf5 Qxf5 28. c6 fxe3 29. Qxe3 Qe5 30. h4 Qxb2 31. Qc5 Re5 32. Qc4 e3 33. Qd3+ g6 34. fxe3 Qc1+ 35. Kh2 Qc5 36. Qd7+ Kg8 37. c7 1-0

[Event "*** Titled Tuesday Blitz"]
[Site "Chess.com"]
[Date "2020.02.04"]
[Round "6"]
[White "secretsuperstar7"]
[Black "NemtsevIgor"]
[Result "0-1"]
[WhiteElo "2242"]
[BlackElo "2392"]
[TimeControl "180+2"]
[EndTime "10:20:26 PST"]
[Termination "NemtsevIgor won on time"]

1. e4 c6 2. d4 d5 3. e5 c5 4. dxc5 Nc6 5. Nf3 Bg4 6. Bb5 Qa5+ 7. Nc3 e6 8. Bd2 Qc7 9. O-O Bxc5 10. h3 Bh5 11. Bg5 Ne7 12. Qd3 Bxf3 13. Qxf3 O-O 14. Bf4 Nd4 15. Qg4 Nxb5 16. Nxb5 Qb6 17. Nd6 Ng6 18. Bh2 Bxd6 19. exd6 e5 20. h4 Qxd6 21. h5 Ne7 22. Rae1 Nc6 23. f4 f5 24. Qh4 e4 25. g4 Nd4 26. Rf2 Nf3+ 27. Rxf3 exf3 28.
gxf5 Rxf5 0-1

[Event "*** Titled Tuesday Blitz"]
[Site "Chess.com"]
[Date "2020.02.04"]
[Round "6"]
[White "gmcorrales"]
[Black "korbul"]
[Result "0-1"]
[WhiteElo "2816"]
[BlackElo "2605"]
[TimeControl "180+2"]
[EndTime "10:20:28 PST"]
[Termination "korbul won by checkmate"]

1. e4 c5 2. Nf3 e6 3. d4 cxd4 4. Nxd4 Nf6 5. Nc3 d6 6. Be3 a6 7. f3 b5 8. g4 Bb7 9. Qd2 Be7 10.
g5 Nfd7 11. h4 Nc6 12. O-O-O Rc8 13. Kb1 O-O 14. Nxc6 Bxc6 15. h5 b4 16. Ne2 Ne5 17. Nd4 Nxf3 18. Nxf3 Bxe4 19. Be2 Rxc2 20. Qxc2 Bxc2+ 21. Kxc2 d5 22. Kb1 a5 23. Rc1 a4 24. Rc6 a3 25. b3 e5 26. g6 d4 27. Bc1 d3 28.
gxh7+ Kxh7 29. Rd1 e4 30. Bf1 f5 31. Ne5 Qd5 32.
Bf4 Bf6 33. Rxf6 Rxf6 34. Nc4 Rc6 35. Bh3 Rc5 36. Kc1 Qd4 37. Rf1 Qb2+ 38. Kd1 Qc2+ 39. Ke1 Qe2# 0-1

[Event "*** Titled Tuesday Blitz"]
[Site "Chess.com"]
[Date "2020.02.04"]
[Round "6"]
[White "armago"]
[Black "PIwan"]
[Result "0-1"]
[WhiteElo "2210"]
[BlackElo "2508"]
[TimeControl "180+2"]
[EndTime "10:20:31 PST"]
[Termination "PIwan won on time"]

1. d4 d5 2. c4 dxc4 3. Nf3 Nf6 4. e3 b5 5. a4 b4 6. Bxc4 e6 7. a5 a6 8. Bd2 Be7 9. O-O O-O 10. Ne5 Bb7 11.
Qb3 c5 12. dxc5 Qc7 13. Nd3 Ng4 14. g3 Nc6 15. Bxe6 Nge5 16. Nxe5 Nxe5 17. Bd5 Rfd8 18. e4 Bxd5 19. exd5 Qxc5 20. Be3 Qc4 21. Qxc4 Nxc4 22. Rd1 Nxb2 23. Rd4 Bf6 24. Rxb4 Nd3 25. Rb3 Bxa1 26. Rxd3 Rac8 27. Nd2 Be5 28. Bb6 Rd7 0-1

[Event "*** Titled Tuesday Blitz"]
[Site "Chess.com"]
[Date "2020.02.04"]
[Round "6"]
[White "Bulldog167"]
[Black "AntonSmirnov"]
[Result "1/2-1/2"]
[WhiteElo "2712"]
[BlackElo "2914"]
[TimeControl "180+2"]
[EndTime "10:20:32 PST"]
[Termination "Game drawn by repetition"]

1. d4 d5 2. c4 c6 3. cxd5 cxd5 4. Bf4 Nf6 5. e3 Nc6 6. Nc3 Bg4 7. Qb3 Na5 8. Qa4+ Bd7 9. Qc2 e6 10. Bd3 Bb4 11. Nf3 Nh5 12. Bg5 f6 13. Bh4 g5 14.
Bg3 g4 15. Nd2 Qe7 16. a3 Bxc3 17. Qxc3 Nc6 18. Bh4 Rc8 19. Qb3 Na5 20. Qd1 Qg7 21. O-O f5 22. Qe2 O-O 23. b4 Nc6 24. g3 Nf6 25.
Bxf6 Qxf6 26. Rac1 h5 27. h4 f4 28. b5 f3 29. Qd1 Ne7 30. Qb3 Kg7 31. Qb4 Rxc1 32.
Rxc1 Rc8 33. Rxc8 Nxc8 34. Qc5 Qe7 35. Nb3 b6 36. Qc7 Qd6 37. Qd8 Qe7 38. Qc7 Qd6 39. Qd8 Qe7 40. Qc7 1/2-1/2

[Event "*** Titled Tuesday Blitz"]
[Site "Chess.com"]
[Date "2020.02.04"]
[Round "6"]
[White "Reality-Stone"]
[Black "Funkmaus"]
[Result "1-0"]
[WhiteElo "2479"]
[BlackElo "2177"]
[TimeControl "180+2"]
[EndTime "10:20:34 PST"]
[Termination "Reality-Stone won by checkmate"]

1. d4 d5 2. c4 c6 3. Nc3 Nf6 4. e3 e6 5. Nf3 Nbd7 6. Qc2 Bd6 7. Bd3 Qe7 8. O-O O-O 9. e4 dxc4 10. Bxc4 e5 11.
h3 Nb6 12. Bb3 Be6 13. dxe5 Bxe5 14. Nxe5 Bxb3 15. axb3 Qxe5 16. Be3 Rfe8 17. f4 Qe6 18. e5 Nfd5 19. Nxd5 Nxd5 20. Bd4 b6 21. f5 Qh6 22. Rae1 c5 23. Bf2 Rad8 24. Qe4 Nb4 25. Be3 Qh5 26.
Rf3 Nd3 27. g4 Qh4 28. Bf2 Nxf2 29. Rxf2 Rd4 30. Qf3 Red8 31. e6 Rd3 32. e7 Rxf3 33. e8=Q+ Rxe8 34. Rxe8# 1-0

[Event "*** Titled Tuesday Blitz"]
[Site "Chess.com"]
[Date "2020.02.04"]
[Round "6"]
[White "Lubov_Gordyk"]
[Black "evgenyermolaev"]
[Result "1-0"]
[WhiteElo "2633"]
[BlackElo "2517"]
[TimeControl "180+2"]
[EndTime "10:20:41 PST"]
[Termination "Lubov_Gordyk won on time"]

1. e4 c5 2. g3 g6 3. Bg2 Bg7 4. Ne2 Nc6 5. d3 d6 6. O-O Rb8 7. c3 Nf6 8. d4 O-O 9. h3 Bd7 10. Be3 b6 11. Na3 Na5 12. f4 cxd4 13. cxd4 d5 14. e5 Ne4 15. g4 e6 16. b4 Qe7 17.
Rb1 Rfc8 18. Bxe4 dxe4 19. Qd2 Nc4 20. Nxc4 Rxc4 21. Rfc1 Rbc8 22. Rxc4 Rxc4 23. a3 Bb5 24. Nc3 Bc6 25. Rc1 Qc7 26. Kf2 Bf8 27. f5 a5 28.
Bh6 axb4 29. Bxf8 bxc3 30. Qh6 f6 31. fxe6 1-0

[Event "*** Titled Tuesday Blitz"]
[Site "Chess.com"]
[Date "2020.02.04"]
[Round "6"]
[White "Elshan1985"]
[Black "NiranjanNavalgund"]
[Result "1-0"]
[WhiteElo "2684"]
[BlackElo "2415"]
[TimeControl "180+2"]
[EndTime "10:20:43 PST"]
[Termination "Elshan1985 won by checkmate"]

1. c4 e6 2. d4 d5 3. Nc3 c5 4. cxd5 exd5 5. Nf3 Nc6 6. g3 Nf6 7. Bg2 cxd4 8. Nxd4 Bc5 9. Nxc6 bxc6 10. O-O O-O 11.
Na4 Bb6 12. Qc2 Bd7 13. Nc5 Be8 14. Be3 Nd7 15. Rac1 Rb8 16. b3 Nxc5 17. Bxc5 Bxc5 18. Qxc5 Qb6 19. e4 dxe4 20. Bxe4 Qxc5 21. Rxc5 Bd7 22. Rd1 Rb7 23. Bxc6 Bxc6 24. Rxc6 g6 25. Rdc1 Ra8 26.
Kf1 a5 27. Rc8+ Rxc8 28. Rxc8+ Kg7 29. Ra8 Rb5 30. Ke2 h5 31. Kd3 h4 32. Kc4 Rf5 33. f4 h3 34. Re8 g5 35. Re5 Kg6 36.
Rxf5 Kxf5 37. fxg5 Ke4 38. a4 Kf3 39. b4 axb4 40. a5 b3 41. Kxb3 Kg2 42. a6 Kxh2 43. a7 Kg1 44. a8=Q h2 45. Qa1+ Kg2 46. Qb2+ Kxg3 47. Qb1 Kg2 48. Qe4+ Kg1 49. Qg4+ Kf2 50. Qh3 Kg1 51. Qg3+ Kh1 52. Qf2 f5 53. Qf1# 1-0

[Event "*** Titled Tuesday Blitz"]
[Site "Chess.com"]
[Date "2020.02.04"]
[Round "6"]
[White "cottage_cheese"]
[Black "przemekpiotrowski"]
[Result "0-1"]
[WhiteElo "2176"]
[BlackElo "2359"]
[TimeControl "180+2"]
[EndTime "10:20:44 PST"]
[Termination "przemekpiotrowski won on time"]

1. e4 c5 2. Nf3 Nc6 3. Bb5 Qc7 4. Nc3 e6 5. Bxc6 Qxc6 6. d4 cxd4 7. Nxd4 Qb6 8. Nb3 Bb4 9. Be3 Bxc3+ 10. bxc3 Qc6 11. O-O Qxe4 12. Re1 Ne7 13. Bxa7 Qc6 14. Bc5 d5 15.
Qg4 Ng6 16. h4 e5 17. Qf3 e4 18. h5 Ne5 19. Qg3 Ng4 20. f3 Nf6 21. fxe4 dxe4 22. Bd4 Bf5 23. Qe5+ Qe6 24. h6 O-O 25. hxg7 Qxe5 26. Bxe5 Kxg7 27. Rf1 Kg6 28. Nd4 Ng4 0-1

[Event "*** Titled Tuesday Blitz"]
[Site "Chess.com"]
[Date "2020.02.04"]
[Round "6"]
[White "killer311"]
[Black "Everyfishknows"]
[Result "1/2-1/2"]
[WhiteElo "2226"]
[BlackElo "2308"]
[TimeControl "180+2"]
[EndTime "10:20:50 PST"]
[Termination "Game drawn by stalemate"]

1. d4 Nf6 2. Nf3 g6 3. c4 Bg7 4. g3 d6 5. Bg2 O-O 6. Nc3 Nc6 7.
O-O e5 8. dxe5 dxe5 9. Qxd8 Rxd8 10. Bg5 h6 11. Bxf6 Bxf6 12. Nd5 Kg7 13. Nxc7 Rb8 14. Nd5 e4 15. Nd2 Bxb2 16. Rab1 Ba3 17. Nxe4 Be6 18.
Nec3 Na5 19. Rfd1 b6 20. Nb5 Nxc4 21. Rd4 Bc5 22. Rxc4 Bxd5 23. Bxd5 Rxd5 24. Nxa7 Ra8 25. Nc6 Rxa2 26. Nb4 Bxb4 27. Rcxb4 Rxe2 28. Rxb6 Red2 29. Rb7 Rd7 30. Rxd7 Rxd7 31. Kg2 h5 32. Rb6 Rd5 33. Kf3 Rd3+ 34. Kg2 Rc3 35. h4 Rd3 36. Rb2 Rc3 37. Kf1 Ra3 38. Ke2 Rc3 39. Rd2 Ra3 40. Rd3 Rxd3 41.
Kxd3 Kf6 42. Ke4 Ke6 43. f3 f6 44. g4 hxg4 45. fxg4 Kf7 46. Kd5 Ke7 47. h5 gxh5 48.
gxh5 Kf7 49. Ke4 f5+ 50. Kxf5 Kg8 51. Kg6 Kh8 52. h6 Kg8 53. h7+ Kh8 54. Kh6 1/2-1/2

[Event "*** Titled Tuesday Blitz"]
[Site "Chess.com"]
[Date "2020.02.04"]
[Round "6"]
[White "SONOFHOLYGOD"]
[Black "kuli4ik"]
[Result "0-1"]
[WhiteElo "2605"]
[BlackElo "2848"]
[TimeControl "180+2"]
[EndTime "10:21:00 PST"]
[Termination "kuli4ik won by checkmate"]

1. d4 d5 2. Nf3 Nf6 3. Bf4 c5 4.
Bxb8 Rxb8 5. Nc3 e6 6. e3 Bd6 7. Be2 O-O 8. O-O Bd7 9. Bb5 Bc8 10. Be2 a6 11. dxc5 Bxc5 12. Na4 Bd6 13. Bd3 e5 14. Nd2 e4 15. Be2 Be5 16. c3 Qc7 17. f4 exf3 18. Nxf3 b5 19. Nc5 Qxc5 20. Kh1 Re8 21.
Qd2 Bc7 22. Nd4 Qd6 23. g3 Ne4 24. Qc2 Qh6 25. Kg1 Qxe3+ 26. Kh1 Qh6 27. Kg1 Bb6 28. Bf3 Bh3 29. Rfe1 b4 30. Qa4 bxc3 31. bxc3 Qd2 32. Kh1 Qxc3 33. Nc2 Qxf3# 0-1

[Event "*** Titled Tuesday Blitz"]
[Site "Chess.com"]
[Date "2020.02.04"]
[Round "6"]
[White "KRASAVCHIK2002"]
[Black "Coiote53"]
[Result "0-1"]
[WhiteElo "2513"]
[BlackElo "2617"]
[TimeControl "180+2"]
[EndTime "10:21:00 PST"]
[Termination "Coiote53 won by checkmate"]

1. e4 e5 2. Nf3 Nc6 3. Bc4 Nf6 4.
Ng5 d5 5. exd5 Nd4 6. c3 b5 7.
Bf1 Nxd5 8. cxd4 Qxg5 9. Bxb5+ Kd8 10. O-O Bb7 11. Qf3 exd4 12. d3 Qe5 13. Na3 Bd6 14. g3 Bxa3 15. bxa3 Rb8 16. Qxf7 Ne7 17. Bc4 Qf6 18. Qxf6 gxf6 19. Re1 Bd5 20. Bxd5 Nxd5 21. Bf4 Kd7 22. Re4 Rb2 23. Rxd4 c6 24. Bc1 Rc2 25. Bf4 Re8 26. Rb1 Ree2 27. Rb7+ Kc8 28. Rb8+ Kd7 29.
Rb7+ Kc8 30. Rb8+ Kd7 31. Be3 Rxa2 32. Rb7+ Kd6 33. Rxh7 f5 34. Rxa7 Ke6 35. h4 Nxe3 36.
fxe3 Re1# 0-1